Map: Dusk Towers

Players

LilDicky

  • Race: Terran Terran
  • League: Diamond

Volp - Winner!

  • Race: Terran Terran
  • League: Diamond

VOD

http://www.twitch.tv/tumescentpie

Description

Time

  • Played on: Nov. 22, 2015, 11:55 p.m.
  • Length: 16:32
Show
View Real Time Build Order
Export as new Build Order

LilDicky Terran 

Build Orders: Banshee Rush 

Get SALT Encoding   

  12  0:02  SCV  
  13  0:14  SCV  
  14  0:18  Supply Depot  
  14  0:26  SCV  
  15  0:38  Refinery  
  15  0:40  SCV  
  16  0:49  Barracks  
  16  0:52  SCV  
  17  1:04  SCV  
  18  1:16  SCV  
  19  1:28  SCV, Refinery  
  20  1:36  Marine  
  20  1:37  Supply Depot  
  21  1:42  Orbital Command  
  21  1:43  Factory  
  21  1:54  Marine  
  22  2:11  SCV  
  22  2:12  Marine  
  24  2:21  Supply Depot  
  24  2:29  Factory Tech Lab, Marine  
  24  2:30  Starport  
  24  2:34  SCV  
  26  2:47  Marine  
  27  2:52  SCV  
  28  3:04  SCV, Engineering Bay  
  28  3:05  Marine  
  29  3:08  Factory Tech Lab  
  30  3:16  Cloaking Field  
  30  3:17  Banshee  
  33  3:23  Marine  
  34  3:31  Siege Tank  
  37  3:35  SCV  
  37  3:40  Supply Depot, Missile Turret  
  37  3:41  Marine  
  39  3:52  Supply Depot  
  39  4:02  SCV, Raven, Marine  
  43  4:06  Supply Depot  
  43  4:13  Siege Tank  
  43  4:14  SCV  
  47  4:21  Supply Depot  
  47  4:22  Marine  
  48  4:26  SCV  
  49  4:38  SCV  
  50  4:51  SCV  
  51  4:55  Viking  
  51  4:56  Siege Tank  
  53  5:03  Marine  
  54  5:16  SCV  
  55  5:29  Banshee  
  55  5:30  SCV  
  55  5:31  Command Center  
  59  5:41  Refinery  
  59  5:44  Refinery  
  59  5:46  Command Center  
  59  6:12  Missile Turret  
  59  6:20  Banshee  
  59  6:21  Missile Turret  
  62  6:27  Starport  
  61  6:40  SCV  
  61  6:43  Siege Tank  
  65  7:06  SCV  
  65  7:07  Banshee  
  66  7:16  Siege Tank, Orbital Command  
  66  7:19  Starport Reactor  
  51  8:05  Siege Tank  
  43  8:24  Banshee  
  43  8:26  SCV  
  47  8:32  Starport, Orbital Command  
  47  8:33  SCV, Starport x2  
  48  8:38  SCV  
  48  8:39  Missile Turret  
  49  8:41  Refinery  
  49  8:43  Missile Turret x2  
  49  8:44  Refinery  
  49  8:49  Missile Turret  
  49  8:50  Hi-Sec Auto Tracking, Missile Turret x2  
  49  8:52  SCV  
  50  8:56  Missile Turret  
  50  9:08  Siege Tank  
  53  9:10  SCV  
  54  9:17  SCV x2  
  56  9:27  Supply Depot  
  58  9:31  Viking x2  
  58  9:32  Viking  
  58  9:35  Starport Reactor  
  58  9:36  SCV  
  58  9:38  Missile Turret  
  63  9:45  SCV  
  63  9:46  SCV, Fusion Core  
  63  9:50  SCV, Armory  
  63  9:51  Armory  
  66  9:58  SCV  
  67  10:00  Missile Turret  
  67  10:03  SCV x2  
  67  10:04  Missile Turret  
  67  10:05  Siege Tank  
  72  10:08  Starport Reactor  
  72  10:09  Starport Reactor  
  72  10:16  Starport Tech Lab  
  72  10:19  SCV  
  72  10:20  Liberator x2  
  73  10:37  Banshee x2, Liberator  
  73  10:38  Liberator  
  91  11:03  Liberator x2  
  91  11:04  Siege Tank  
  94  11:13  SCV x2  
  94  11:14  SCV  
  97  11:20  Command Center, Banshee  
  97  11:25  SCV x2  
  107  11:26  SCV  
  107  11:29  Supply Depot  
  109  11:34  Terran Vehicle And Ship Armor Level 1  
  109  11:39  Terran Ship Weapons Level 1  
  109  11:43  Armory  
  109  11:48  Supply Depot  
  109  11:50  SCV x3  
  109  11:51  Supply Depot  
  112  12:02  SCV x3  
  112  12:06  Building Armor  
  115  12:09  Sensor Tower  
  115  12:15  SCV x2  
  117  12:18  Missile Turret  
  117  12:20  Hyperflight Rotors  
  117  12:21  Advanced Ballistics  
  117  12:22  Behemoth Reactor  
  117  12:24  SCV  
  117  12:27  Liberator x2  
  102  12:43  Banshee x2  
  114  12:55  Marine  
  114  12:57  Siege Tank  
  109  13:01  SCV  
  109  13:05  Command Center  
  110  13:25  Banshee  
  113  13:29  Planetary Fortress  
  113  13:32  SCV x3  
  116  13:43  Liberator x2  
  116  13:44  Refinery  
  116  13:46  SCV  
  116  13:47  SCV  
  118  13:50  SCV  
  118  13:52  Refinery  
  118  13:55  Terran Infantry Armor Level 1, Missile Turret  
  119  13:56  Missile Turret  
  119  13:57  Missile Turret  
  119  13:59  SCV x2, Battlecruiser  
  119  14:02  Weapon Refit  
  133  14:06  Terran Vehicle Weapons Level 1  
  133  14:27  Sensor Tower  
  133  14:33  Missile Turret  
  133  14:42  SCV  
  134  14:51  Liberator  
  134  15:06  Battlecruiser  
  134  15:07  Battlecruiser  
  149  15:15  Supply Depot x2  
  149  15:18  Supply Depot  
  149  15:22  Sensor Tower  
  149  15:36  Refinery  
  149  15:39  Refinery  
  149  15:42  Command Center  
  149  15:45  Planetary Fortress  
  149  15:46  Refinery x2  
  149  15:49  Missile Turret x2  
  149  15:51  SCV, Missile Turret  
Show
View Real Time Build Order
Export as new Build Order

Volp Terran - Winner!

Build Orders: Reaper Expand 

Get SALT Encoding   

  12  0:03  SCV  
  13  0:15  SCV  
  13  0:20  Supply Depot  
  14  0:27  SCV  
  15  0:42  SCV  
  16  0:43  Barracks  
  16  0:49  Refinery  
  16  0:54  SCV  
  17  1:06  SCV  
  18  1:18  SCV  
  19  1:30  Orbital Command  
  19  1:33  Reaper  
  20  1:41  Supply Depot  
  20  1:56  SCV  
  20  2:00  Command Center  
  21  2:05  Supply Depot, Reaper  
  22  2:10  SCV  
  23  2:25  SCV  
  24  2:37  SCV  
  25  2:39  Factory  
  25  2:40  Refinery  
  25  2:47  Barracks Reactor  
  25  2:49  SCV  
  26  2:51  Supply Depot  
  26  3:01  SCV  
  27  3:10  Engineering Bay  
  27  3:12  Orbital Command  
  27  3:15  SCV  
  28  3:27  SCV  
  28  3:31  Marine x2  
  31  3:34  Starport  
  31  3:36  Factory Tech Lab  
  31  3:38  SCV  
  31  3:39  SCV  
  31  3:50  SCV  
  31  3:51  SCV  
  31  3:54  Missile Turret  
  33  3:57  Missile Turret  
  33  4:00  Missile Turret  
  33  4:01  Marine x2  
  33  4:02  SCV  
  36  4:03  SCV  
  37  4:12  Viking  
  37  4:14  SCV  
  40  4:17  SCV  
  40  4:22  Supply Depot  
  41  4:25  Marine x2  
  41  4:26  SCV  
  41  4:29  SCV  
  45  4:39  SCV  
  45  4:43  Marine x2  
  47  4:47  SCV  
  47  4:51  SCV  
  49  4:53  Siege Tank  
  49  4:55  Viking  
  55  5:00  SCV  
  55  5:01  Marine x2  
  55  5:03  SCV  
  58  5:08  Barracks x2  
  58  5:12  SCV  
  59  5:15  SCV  
  60  5:22  Marine x2  
  60  5:24  SCV  
  60  5:27  SCV  
  64  5:33  Command Center  
  64  5:37  Factory Tech Lab, Raven  
  64  5:38  SCV  
  64  5:40  SCV  
  68  5:43  Supply Depot  
  68  5:44  Supply Depot  
  68  5:45  Refinery  
  68  5:47  Supply Depot  
  68  5:50  SCV  
  68  5:53  Marine  
  70  6:06  Siege Tank, Marine x3  
  70  6:10  Supply Depot  
  70  6:11  Supply Depot  
  76  6:12  Supply Depot  
  76  6:13  Marine  
  77  6:31  Marine  
  77  6:32  Viking, Marine x3  
  83  6:35  Supply Depot  
  83  6:36  Supply Depot x2  
  83  6:46  Orbital Command  
  83  6:55  Marine  
  83  6:56  Marine  
  83  6:58  Factory Tech Lab  
  81  7:02  Viking  
  81  7:06  Marine x2  
  81  7:08  Terran Infantry Weapons Level 1  
  84  7:13  SCV, Engineering Bay, Marine  
  84  7:14  SCV, Marine  
  88  7:24  Marine  
  88  7:25  SCV  
  88  7:26  SCV  
  88  7:27  Siege Tank  
  95  7:32  Barracks Tech Lab  
  95  7:34  Medivac  
  95  7:35  Marine x2  
  98  7:38  Orbital Command  
  89  8:07  Marine x3  
  89  8:08  SCV x2  
  89  8:09  Siege Tank  
  89  8:11  Stimpack  
  94  8:12  Barracks Reactor  
  94  8:14  Factory  
  94  8:16  Armory  
  86  8:20  SCV  
  86  8:22  Refinery  
  86  8:24  Marine  
  86  8:26  Marine x2  
  90  8:40  Widow Mine  
  92  8:42  Marine  
  93  8:48  Barracks  
  93  8:49  Barracks  
  93  8:54  Marauder, Marine x3  
  93  8:55  Barracks  
  98  8:58  Terran Infantry Armor Level 1  
  98  8:59  Factory Tech Lab  
  98  9:04  SCV, Starport Reactor  
  98  9:06  SCV  
  98  9:07  SCV  
  98  9:09  Siege Tank  
  104  9:16  SCV  
  105  9:18  Siege Tank  
  105  9:19  SCV, Marine x4  
  105  9:20  Marine  
  105  9:23  SCV  
  115  9:33  Command Center  
  115  9:35  Missile Turret  
  115  9:37  Marine x2  
  118  9:38  SCV x2  
  118  9:43  Siege Tank  
  118  9:45  Combat Shields  
  122  10:02  Viking x2, Siege Tank  
  129  10:10  Terran Vehicle Weapons Level 1  
  129  10:18  Siege Tank, Marine  
  133  10:21  Marine x2  
  133  10:26  Marine x2  
  129  10:36  Viking x2  
  133  10:47  Marine x2  
  133  10:48  Marine x6  
  133  10:49  Siege Tank  
  140  10:52  SCV x2  
  136  11:05  Marine  
  136  11:06  Viking x2  
  136  11:14  Siege Tank  
  136  11:15  Missile Turret, Marine  
  140  11:19  SCV  
  140  11:24  Orbital Command  
  141  11:31  SCV  
  141  11:32  Terran Infantry Weapons Level 2  
  142  11:37  Terran Infantry Armor Level 2  
  142  11:47  Viking, Refinery  
  142  11:49  Refinery  
  144  12:01  SCV  
  145  12:07  Viking  
  147  12:13  SCV  
  148  12:27  Marine x2  
  148  12:28  Viking, Marine x4  
  148  12:29  SCV, Siege Tank, Marine x2  
  148  12:30  Siege Tank  
  148  12:36  Viking  
  147  12:40  Starport x2  
  147  12:41  SCV  
  148  12:44  Command Center  
  148  12:52  Marine  
  148  13:00  Refinery  
  148  13:02  Refinery  
  148  13:06  SCV  
  148  13:09  Supply Depot x4  
  148  13:10  Supply Depot  
  149  13:22  Terran Ship Weapons Level 1  
  149  13:28  Viking x2  
  149  13:29  Barracks Reactor  
  149  13:30  Thor x2  
  149  13:33  Barracks Reactor  
  165  13:36  Supply Depot  
  165  13:37  Supply Depot  
  165  13:39  SCV  
  166  13:43  Missile Turret  
  166  13:44  Missile Turret  
  166  13:51  SCV, Viking x2  
  166  13:53  Sensor Tower  
  166  13:54  Viking x2  
  175  13:56  Marine x2  
  177  14:03  SCV  
  177  14:07  Viking x2  
  182  14:15  SCV  
  183  14:21  Liberator  
  183  14:27  SCV, Missile Turret  
  183  14:28  Viking x2  
  183  14:29  Viking, Missile Turret  
  183  14:30  Missile Turret  
  183  14:31  Siege Tank x2  
  199  15:39  Orbital Command  
  199  15:44  Command Center, Barracks Reactor  
  199  15:45  Barracks Reactor  
  199  15:56  Factory  
Tags
 
Add a new tag
Caveats
  • Supply blocks, unpowered buildings, or Contaminate may cause inaccurate times.
  • Supply counts are checked every 10 seconds.